 Dungeon Crawl Stone Soup version 0.29.1-1-gd02db6906a (webtiles) character file.

Game seed: 10502387478060689958

1888 Kahsius the Covert (level 8, 0/42 HPs)
             Began as a Spriggan Enchanter on Sept 20, 2022.
             Was an Initiate of Dithmenos.
             Slain by a wraith (10 damage)
             ... in an ossuary on Sept 21, 2022.
             The game lasted 00:23:38 (6586 turns).

Kahsius the Covert (Spriggan Enchanter)             Turns: 6586, Time: 00:23:38

Health: 0/42       AC:  5    Str:  4    XL:     8   Next: 92%
Magic:  13/13      EV: 21    Int: 17    God:    Dithmenos [......]
Gold:   417        SH:  0    Dex: 17    Spells: 7/12 levels left

rFire   . . .      SeeInvis +   h - +1 dagger (freeze)
rCold   . . .      Faith    .   (no shield)
rNeg    . . .      Spirit   .   E - +0 steam dragon scales
rPois   .          Reflect  .   (helmet restricted)
rElec   .          Harm     .   (no cloak)
rCorr   .          Rampage  .   (gloves unavailable)
Will    +....                   (boots unavailable)
Stlth   +++++.....              i - amulet of regeneration
HPRegen 0.94/turn               u - +4 ring of evasion
MPRegen 0.13/turn               (no ring)

@: slowed, invisible, quick
A: very small, no large weapons, unfitting armour, see invisible, speed 3
a: Renounce Religion


You were in an ossuary.
You worshipped Dithmenos.
Dithmenos was noncommittal.
You visited 2 branches of the dungeon, and saw 8 of its levels.
You also visited: Ossuary.

You collected 417 gold pieces.

Inventory:

Hand Weapons
 a - a +1 dagger
 h - a +1 dagger of freezing (weapon)
Armour
 b - a +0 robe
 f - a +0 pair of gloves
 E - +0 steam dragon scales (worn)
Jewellery
 i - an amulet of regeneration (around neck)
 u - a +4 ring of evasion (left hand)
 A - a ring of flight
 G - a ring of wizardry
Scrolls
 g - 9 scrolls of identify {unknown}
 j - 2 scrolls of enchant armour {unknown}
 k - 4 scrolls of teleportation {unknown}
 m - 3 scrolls of fog {unknown}
 p - 2 scrolls of acquirement {unknown}
 q - 5 scrolls of noise {unknown}
 x - a scroll of magic mapping {unknown}
 y - 2 scrolls of fear {unknown}
 B - 2 scrolls of vulnerability {unknown}
 C - 2 scrolls of amnesia {unknown}
 F - a scroll of enchant weapon {unknown}
Potions
 c - 2 potions of invisibility
 d - 3 potions of heal wounds
 e - a potion of berserk rage {unknown}
 l - 3 potions of mutation {unknown}
 n - 2 potions of curing {unknown}
 o - a potion of attraction {unknown}
 r - 2 potions of lignification {unknown}
 s - a potion of resistance {unknown}
 t - a potion of might {unknown}
 v - a potion of haste {unknown}
 w - a potion of brilliance {unknown}
 z - 2 potions of magic {unknown}
 D - a potion of degeneration {unknown}
 H - a potion of flight {unknown}


   Skills:
 + Level 4.6 Fighting
 + Level 6.3 Short Blades
 - Level 2.6 Dodging
 + Level 10.0 Stealth
 - Level 2.6 Spellcasting
 + Level 7.8 Hexes


You had 7 spell levels left.
You knew the following spells:

 Your Spells              Type           Power      Damage    Failure   Level
a - Ensorcelled Hibernat  Hex/Ice        30%        N/A       5%          2
b - Tukima's Dance        Hex            29%        N/A       2%          3

Your spell library contained the following spells:

 Spells                   Type           Power      Damage    Failure   Level
 Confusing Touch          Hex            29%        N/A       2%          3
 Dazzling Flash           Conj/Hex       30%        N/A       11%         3
 Portal Projectile        Hex/Tloc       30%        N/A       11%         3
 Ozocubu's Armour         Ice            2%         N/A       47%         3
 Blade Hands              Tmut           1%         N/A       99%         5
 Ozocubu's Refrigeration  Ice            1%         4d7       100%        7


Dungeon Overview and Level Annotations

Branches:
Dungeon (7/15)             Temple (1/1) D:6         Ossuary (1/1)

Altars:
Cheibriados
Dithmenos
Elyvilon
Hepliaklqana
Kikubaaqudgha
Makhleb
Nemelex Xobeh
Okawaru
Qazlal
Ru
Sif Muna
Trog
Uskayaw
Vehumet
Wu Jian
Xom
Yredelemnul
Zin
The Shining One


Innate Abilities, Weirdness & Mutations

You are very small and have problems with some larger weapons.
You are too small for most types of armour.
You have supernaturally acute eyesight. (SInv)
You cover ground extremely quickly. (Speed+++)


Message History

Okay, then.
You hit the wraith but do no damage.
The wraith is heavily damaged.
The wraith barely misses you.
You hit the wraith but do no damage.
The wraith is heavily damaged.
The wraith closely misses you.
You hit the wraith but do no damage.
The wraith is heavily damaged.
The wraith misses you.
You hit the wraith but do no damage.
The wraith is heavily damaged.
The wraith hits you! The wraith drains your vigour!
You feel as though you will be slow longer.
You hit the wraith but do no damage.
The wraith is heavily damaged.
The wraith hits you!
* * * LOW HITPOINT WARNING * * *
The wraith drains your vigour!
You feel as though you will be slow longer.
You hit the wraith but do no damage.
The wraith is moderately damaged.
The wraith closely misses you.
You hit the wraith. You freeze the wraith.
The wraith is heavily damaged.
The wraith closely misses you.
You hit the wraith.
The wraith is heavily damaged.
The wraith hits you.
* * * LOW HITPOINT WARNING * * *
You hit the wraith but do no damage.
The wraith is heavily damaged.
The wraith completely misses you.
You barely miss the wraith.
The wraith is heavily damaged.
The wraith misses you.
You hit the wraith but do no damage.
The wraith is heavily damaged.
The wraith hits you!
You die...

##.......#'#.......####..#
'....8...#.#...8....'.#..#
##.......###.......####..#
.........................#
....#.#..#.#..#.#........#
##..#+#..#'#..#'#..####..#
...# #..#.#..#?#...'.#..#
##..###..###..###..####..#
..............W@........#
.........................#
#########################


You could see a wraith.

Vanquished Creatures
  A steam dragon (D:6)
  2 water moccasins
  An ice beast (D:7)
  2 black bears
  An ogre (D:5)
  3 phantoms
  A kobold brigand (D:7)
  3 necrophages
  A scorpion (D:6)
  2 howler monkeys (D:7)
  4 hounds
  2 orc priests
  2 jellies (D:6)
  3 iguanas
  3 orc wizards
  2 mummies (Ossuary)
  6 adders
  A white imp (D:6)
  An ufetubus (D:6)
  6 worms
  A dart slug (D:4)
  19 orcs
  13 ball pythons
  An endoplasm (D:1)
  3 giant cockroaches
  3 gnoll zombies (Ossuary)
  5 goblins
  6 hobgoblins
  3 jackals (D:4)
  5 quokkas
  6 bats
  2 frilled lizards
  2 goblin zombies (Ossuary)
  2 hobgoblin zombies (Ossuary)
  7 kobolds
  A kobold zombie (Ossuary)
  An orc zombie (Ossuary)
  7 rats
134 creatures vanquished.

Vanquished Creatures (collateral kills)
  A kobold (D:7)
1 creature vanquished.

Vanquished Creatures (others)
  2 dancing weapons (D:7)
  4 toadstools (D:7)
6 creatures vanquished.

Grand Total: 141 creatures vanquished

Notes
Turn   | Place    | Note
-------+----------+-------------------------------------------
     0 | D:1      | Kahsius the Spriggan Enchanter began the quest for the Orb.
     0 | D:1      | Reached XP level 1. HP: 9/9 MP: 5/5
   475 | D:1      | Reached XP level 2. HP: 14/14 MP: 6/6
   662 | D:1      | Learned a level 2 spell: Ensorcelled Hibernation
  1047 | D:2      | Reached skill level 1 in Fighting
  1047 | D:2      | Reached skill level 5 in Stealth
  1047 | D:2      | Reached XP level 3. HP: 18/18 MP: 5/8
  1408 | D:2      | Found a faded altar of an unknown god.
  2200 | D:3      | Reached XP level 4. HP: 22/22 MP: 4/9
  2421 | D:3      | Learned a level 3 spell: Tukima's Dance
  2569 | D:4      | Reached XP level 5. HP: 14/26 MP: 7/10
  2803 | D:4      | Reached skill level 6 in Stealth
  3383 | D:4      | Reached skill level 5 in Hexes
  3476 | D:5      | Entered Level 5 of the Dungeon
  3481 | D:5      | Noticed a phantom
  3492 | D:5      | Reached XP level 6. HP: 30/30 MP: 11/11
  3862 | D:5      | Reached skill level 7 in Stealth
  4201 | D:5      | Reached XP level 7. HP: 35/35 MP: 5/12
  4690 | D:6      | Reached skill level 8 in Stealth
  4834 | D:6      | Noticed a steam dragon
  4851 | D:6      | Killed a steam dragon
  4852 | D:6      | Reached skill level 5 in Short Blades
  4852 | D:6      | Reached XP level 8. HP: 31/41 MP: 6/13
  5320 | D:6      | Reached skill level 9 in Stealth
  5407 | D:6      | Found a staircase to the Ecumenical Temple.
  5415 | Temple   | Entered the Ecumenical Temple
  5574 | Temple   | Became a worshipper of Dithmenos the Shadowed
  6147 | D:7      | Reached skill level 10 in Stealth
  6169 | D:7      | Found a sand-covered staircase.
  6176 | Ossuary  | Entered an ossuary
  6586 | Ossuary  | Slain by a wraith

Illustrated notes

Levels and vault maps discovered:
D:1:      dpeg_arrival_rhombi, layout_basic
D:2:      kb_forest_paths, layout_loops_ring,
          dreamdust_ecumenical_altar_angels_and_demons,
          chequers_serial_rivers_micro_d, minmay_pentomino_v4
D:3:      layout_loops_cross
D:4:      layout_rooms, lightli_sewer_entry_pipes, fountainhead,
          interstate_on_off, minmay_goblin_outpost
D:5:      minmay_evil_eye, layout_basic
D:6:      layout_basic, minmay_temple_entry_nine_rooms
D:7:      layout_loops_ring, enter_ossuary_2, minmay_gold_behind_fungi
Temple:   compressed_dpeg_triangle_lava_temple
Ossuary:  ossuary_kennysheep_city_of_the_dead

Skill      XL: |  1  2  3  4  5  6  7  8 |
---------------+-------------------------+-----
Hexes          | 4 5 6 7 |  7.8
Fighting       | 1 2 3 4 |  4.6
Stealth        | 5 6 7 8 10 | 10.0
Short Blades   | 2 3 4 5 6 |  6.3
Dodging        | |  2.6
Spellcasting   | |  2.6

Action                   |  1- 3 |  4- 6 |  7- 9 || total
-------------------------+-------+-------+-------++-------
Melee: Dagger            |    93 |   253 |   402 ||   748
       Punch             |       |     3 |     9 ||    12
 Cast: Ensorcelled Hiber |    16 |    31 |    27 ||    74
       Tukima's Dance    |       |       |     3 ||     3
  Use: Potion            |       |       |     5 ||     5
 Stab: Sleeping          |    30 |    18 |    23 ||    71
Armor: Robe              |    10 |     7 |     6 ||    23
       Steam dragon scal |       |       |    17 ||    17
Dodge: Dodged            |    49 |   155 |   219 ||   423
